[Event "Titled Tuesday Blitz May 30 Early 2023"]
[White "Brown, Raehanna"]
[Black "Herzog2012"]
[WhiteFideId "7402740"]
[WhiteElo "1655"]
[BlackElo "2392"]
[Result "0-1"]
[Round "07"]
[TimeControl "180+2"]
[Date "2023.05.30"]
[WhiteClock "0:00:00"]
[BlackClock "0:00:31"]

1. c4 e5 2. Nc3 Nf6 3. Nf3 Nc6 4. g3 d5 5. cxd5 Nxd5 6. Bg2 Nb6 7. O-O Be7 8. d3 O-O 9. Be3 Be6 10. Rc1 f6 11. Ne4 Nd4 12. Bxd4 exd4 13. Nc5 Bd5 14. a3 Bxc5 15. Rxc5 Qd6 16. Qc2 c6 17. Qc1 Bb3 18. Nd2 Bf7 19. b4 Rfe8 20. Ne4 Qe7 21. Bh3 Bd5 22. f3 f5 23. Bxf5 g6 24. Bh3 Na4 25. Rc2 Bxe4 26. fxe4 Nc3 27. e3 Qe5 28. exd4 Qxd4+ 29. Rff2 Rf8 30. Kg2 Rxf2+ 31. Rxf2 Qxd3 32. Be6+ Kh8 33. Rf3 Qe2+ 34. Kh3 Qxf3 35. Bg4 Qf6 36. Kg2 Nxe4 37. Qe3 Qf2+ 38. Qxf2 Nxf2 39. Kxf2 a5 40. Bf3 axb4 41. axb4 Ra4 42. b5 cxb5 43. Bxb7 b4 44. Bd5 Ra3 45. Ke2 b3 46. Kd2 Ra2+ 47. Kc3 Rxh2 48. Kxb3 Rh3 49. Kc4 Rxg3 50. Kd4 h5 51. Ke4 h4 52. Kf4 g5+ 53. Kf5 Kg7 54. Bh1 Kh6 55. Be4 h3 56. Kf6 h2 57. Kf5 Rg1 58. Kf6 h1=Q 0-1


[Site "https://www.chess.com"]

[Event "Titled Tuesday Blitz May 30 Early 2023"]
[White "Koridze, Lile"]
[Black "zano2023"]
[WhiteFideId "13612514"]
[WhiteElo "2047"]
[BlackElo "2157"]
[Result "1-0"]
[Round "07"]
[TimeControl "180+2"]
[Date "2023.05.30"]
[WhiteClock "0:01:08"]
[BlackClock "0:00:16"]

1. d4 d5 2. c4 e6 3. Nf3 Nf6 4. g3 a6 5. Bg2 dxc4 6. O-O Be7 7. Qc2 O-O 8. Qxc4 b5 9. Qd3 Bb7 10. Nc3 Nbd7 11. a3 c5 12. dxc5 Nxc5 13. Qc2 Rc8 14. Bf4 Nce4 15. Rfd1 Qb6 16. Be3 Qa5 17. Bd4 Nxc3 18. Bxc3 Qc7 19. Rac1 Nd5 20. Qb3 Qc4 21. Qxc4 bxc4 22. Ne5 Rc7 23. Ba5 Rcc8 24. Nxc4 Rc5 25. b4 Rcc8 26. Ne5 Nc3 27. Rxc3 Rxc3 28. Bxb7 Rxa3 29. Bxa6 Bf6 30. Nd7 Ra8 31. Bb7 Ra7 32. Bc6 Be7 33. Ne5 Rb3 34. Rd7 Rxd7 35. Nxd7 Bxb4 36. Bxb4 Rxb4 37. Bf3 Rb1+ 38. Kg2 g6 39. g4 Kg7 40. Kg3 Rb3 41. h4 f5 42. g5 Rb5 43. Kf4 Kf7 44. e4 Ke7 45. Ne5 Kd6 46. Nc4+ Kc5 47. Be2 Rb4 48. Ke5 Rxc4 49. Bxc4 Kxc4 50. exf5 exf5 51. Kf6 Kd4 52. Kg7 f4 53. Kxh7 Ke4 54. Kxg6 Kf3 55. h5 Kxf2 56. h6 f3 57. h7 Ke2 58. h8=Q f2 59. Qf8 f1=Q 60. Qxf1+ Kxf1 61. Kf7 Kf2 62. g6 Kf3 63. g7 Kf4 64. g8=Q Kf5 1-0


[Site "https://www.chess.com"]

[Event "Titled Tuesday Blitz May 30 Early 2023"]
[White "Guevara Sanchez, Erick Marvin"]
[Black "Kohler, Aran"]
[WhiteFideId "6700136"]
[BlackFideId "1002856"]
[WhiteElo "2040"]
[BlackElo "2335"]
[Result "0-1"]
[Round "07"]
[TimeControl "180+2"]
[Date "2023.05.30"]
[WhiteClock "0:00:00"]
[BlackClock "0:00:13"]

1. e4 g6 2. d4 Bg7 3. Nc3 d6 4. Be3 a6 5. f3 e6 6. Qd2 h6 7. Bc4 b5 8. Bb3 Bb7 9. Nh3 Ne7 10. Nf2 Nd7 11. Nd3 c6 12. a4 Qc7 13. axb5 axb5 14. Rxa8+ Bxa8 15. O-O e5 16. d5 g5 17. dxc6 Bxc6 18. Nb4 O-O 19. Nxc6 Qxc6 20. Nd5 Nxd5 21. Bxd5 Qa6 22. Qb4 Rc8 23. Qb3 Rf8 24. c3 Nf6 25. Rd1 Nxd5 26. Rxd5 Rb8 27. Qd1 Bf8 28. b4 Qc6 29. Qd3 Qa6 30. h3 Be7 31. Kh2 Qc6 32. h4 gxh4 33. Bxh6 Qa6 34. Qd2 Qa1 35. Bg5 Bf8 36. Bxh4 Rc8 37. Rd3 Kh7 38. Bf6 Bh6 39. Qd1 Bf4+ 40. g3 Qb2+ 41. Kh3 Bh6 42. Rxd6 Qxc3 43. Qd3 Qxb4 44. Bxe5 Qe1 45. Rxh6+ Kxh6 46. Bf4+ Kh7 47. e5+ Kg8 48. Qf5 Qh1+ 49. Kg4 Rc6 50. Bg5 Rg6 51. Qc8+ Kg7 52. f4 Qd1+ 53. Kf5 Qd3+ 54. Kg4 Qe2+ 55. Kf5 Qd3+ 56. Kg4 b4 0-1


[Site "https://www.chess.com"]

[Event "Titled Tuesday Blitz May 30 Early 2023"]
[White "Kriti Mayur Patel"]
[Black "Ziatdinov, Raset"]
[WhiteFideId "35061780"]
[BlackFideId "2015323"]
[WhiteElo "1306"]
[BlackElo "2220"]
[Result "0-1"]
[Round "07"]
[TimeControl "180+2"]
[Date "2023.05.30"]
[WhiteClock "0:00:12"]
[BlackClock "0:00:09"]

1. e4 e6 2. d4 d5 3. Nc3 Nf6 4. e5 Nfd7 5. f4 c5 6. Nf3 Nc6 7. Be3 a6 8. Qd2 b5 9. dxc5 Bxc5 10. Bxc5 Nxc5 11. Qf2 Qb6 12. Bd3 Nxd3+ 13. cxd3 Qxf2+ 14. Kxf2 Bb7 15. g4 Rc8 16. Rac1 d4 17. Ne4 Nb4 18. Nd6+ Kd7 19. Rxc8 Bxc8 20. Ke2 Nd5 21. Nxf7 Rf8 22. Nd6 Nxf4+ 23. Kd2 Ng6 24. Nxd4 Nxe5 25. Nxc8 Rxc8 26. Re1 Kd6 27. h3 Rf8 28. Ke3 Rf4 29. Rc1 Rf2 30. Rb1 Rh2 31. h4 Nxg4+ 32. Kf4 Ne5 33. Re1 Nxd3+ 34. Kg3 Rxb2 35. Rd1 Nf2 36. Rf1 Nd3 37. Rd1 Nc5 38. Nxb5+ Kc6 39. Nd4+ Kd6 40. Nb5+ Ke7 41. Nd4 Rxa2 42. Nc6+ Kf6 43. Rf1+ Kg6 44. Ne5+ Kh6 45. Nf7+ Kh5 46. Ne5 Ra3+ 47. Kh2 Kxh4 48. Rf4+ Kg5 49. Rc4 Ne4 50. Rxe4 Kf5 51. Re1 h5 52. Kg2 g5 53. Nf3 g4 54. Nd4+ Kf4 55. Nxe6+ Kf5 56. Nd4+ Kg5 57. Ne2 Ra2 58. Kg1 a5 59. Ng3 a4 60. Ne4+ Kf4 61. Nc3 Ra3 62. Ne2+ Ke3 63. Nc1+ Kf3 64. Rf1+ Kg3 65. Ne2+ Kh4 66. Kg2 Ra2 67. Re1 Kg5 68. Kg1 h4 69. Nc3 Ra3 70. Ne4+ Kf4 71. Nd2 h3 72. Rf1+ Kg3 73. Ne4+ Kh4 74. Kh2 Ra2+ 75. Kh1 a3 76. Nc3 Rc2 77. Nb1 a2 78. Na3 Rb2 79. Ra1 g3 80. Rf1 g2+ 81. Kg1 gxf1=Q+ 82. Kxf1 a1=Q+ 83. Nb1 Qxb1# 0-1


[Site "https://www.chess.com"]

[Event "Titled Tuesday Blitz May 30 Early 2023"]
[White "Horokoskii"]
[Black "MunichMouse"]
[WhiteElo "2115"]
[BlackElo "2262"]
[Result "1-0"]
[Round "07"]
[TimeControl "180+2"]
[Date "2023.05.30"]
[WhiteClock "0:01:11"]
[BlackClock "0:01:07"]

1. d4 Nf6 2. c4 g6 3. Nc3 Bg7 4. e4 d6 5. Be2 O-O 6. Bg5 h6 7. Be3 e5 8. d5 Kh7 9. g4 Ne8 10. h4 a5 11. Nh3 Na6 12. f3 Nc5 13. Nf2 f5 14. g5 f4 15. Bxc5 dxc5 16. a3 Nd6 17. Qa4 Bd7 18. Qb3 a4 19. Qc2 hxg5 20. hxg5+ Kg8 21. O-O-O Kf7 22. Rdg1 Rh8 23. Qd1 Rxh1 24. Nxh1 Qxg5 25. Rxg5 Bf6 26. Rg1 Rh8 27. Nf2 Bg7 28. Nb5 Nxb5 29. cxb5 Rh2 30. Ng4 1-0


[Site "https://www.chess.com"]

[Event "Titled Tuesday Blitz May 30 Early 2023"]
[White "Steenbekkers, Franck"]
[Black "MANOJ_MISHRA123"]
[WhiteFideId "1004220"]
[WhiteElo "2114"]
[BlackElo "2257"]
[Result "0-1"]
[Round "07"]
[TimeControl "180+2"]
[Date "2023.05.30"]
[WhiteClock "0:01:47"]
[BlackClock "0:01:01"]

1. e4 Nf6 2. e5 Nd5 3. d4 d6 4. c4 Nb6 5. f4 dxe5 6. fxe5 Nc6 7. Be3 Bf5 8. Nc3 e6 9. Nf3 Nb4 10. Rc1 c5 11. d5 exd5 12. cxd5 N6xd5 13. Bb5+ Bd7 14. Bxd7+ Qxd7 15. Nxd5 Qxd5 16. Qxd5 Nxd5 17. Bxc5 Rc8 18. Be3 Bb4+ 19. Ke2 O-O 20. Bxa7 Ra8 21. Bc5 Bxc5 22. Rxc5 Nf4+ 23. Kf2 Nd3+ 0-1


[Site "https://www.chess.com"]

[Event "Titled Tuesday Blitz May 30 Early 2023"]
[White "Fudalej, Michal"]
[Black "Dominguez Rincon, Miller Duvan"]
[WhiteFideId "1118781"]
[BlackFideId "4406583"]
[WhiteElo "2088"]
[BlackElo "2013"]
[Result "0-1"]
[Round "07"]
[TimeControl "180+2"]
[Date "2023.05.30"]
[WhiteClock "0:00:00"]
[BlackClock "0:00:09"]

1. Nf3 Nf6 2. g3 d5 3. Bg2 e6 4. b3 Be7 5. Bb2 O-O 6. c4 c6 7. O-O b6 8. e3 Bb7 9. Nc3 Nbd7 10. d3 a5 11. a3 Qc7 12. Qc2 Rac8 13. Rac1 Rfd8 14. Rfd1 Qb8 15. Ne2 c5 16. Nf4 Qa8 17. Ne1 Bc6 18. Qe2 a4 19. bxa4 Bxa4 20. Rd2 Bc6 21. cxd5 exd5 22. h4 Bd6 23. Nh3 Be5 24. h5 Bxb2 25. Rxb2 Qxa3 26. h6 g6 27. Ng5 Qa4 28. Rcb1 Qg4 29. Nef3 d4 30. e4 Qh5 31. Bh3 Qxh6 32. Kg2 b5 33. Rh1 Qg7 34. Bxd7 Rxd7 35. e5 Nh5 36. Kg1 Re7 37. Ne4 Bxe4 38. Qxe4 Rb8 39. Kg2 Qf8 40. Rhb1 Qe8 41. Qd5 Rc7 42. Re2 Ng7 43. Ng5 Ne6 44. Ne4 Kg7 45. Nd6 Qd7 46. Qf3 Qc6 47. Re4 Ng5 48. Qf6+ Kg8 49. Qxg5 c4 50. Rh1 cxd3 51. Qh6 f5 52. exf6 Qxd6 53. f7+ Rxf7 54. Qg5 Qc6 55. Qe5 Rbf8 56. Qxd4 Rxf2+ 57. Qxf2 Rxf2+ 58. Kxf2 Qxe4 0-1


[Site "https://www.chess.com"]

[Event "Titled Tuesday Blitz May 30 Early 2023"]
[White "Osiecki, Stanislaw"]
[Black "Clawitter, Craig"]
[WhiteFideId "1102990"]
[BlackFideId "2023105"]
[WhiteElo "2088"]
[BlackElo "2207"]
[Result "1/2-1/2"]
[Round "07"]
[TimeControl "180+2"]
[Date "2023.05.30"]
[WhiteClock "0:00:48"]
[BlackClock "0:00:07"]

1. e4 e6 2. d4 d5 3. e5 c5 4. c3 Qb6 5. Nf3 Nc6 6. dxc5 Bxc5 7. Qe2 a5 8. Nbd2 Nh6 9. Nb3 Be7 10. Bxh6 gxh6 11. g3 O-O 12. Bg2 f6 13. O-O Nxe5 14. Nxe5 fxe5 15. Qxe5 a4 16. Nd4 Bf6 17. Qh5 Bxd4 18. cxd4 Qxb2 19. Qxh6 Qxd4 20. Bh3 Qf6 21. Qd2 Bd7 22. a3 Rac8 23. Qb4 Rc2 24. Qxb7 Rxf2 25. Qxd7 Rxf1+ 26. Rxf1 Qd4+ 27. Kh1 Qe4+ 28. Kg1 Qe3+ 29. Kh1 Qe4+ 30. Kg1 Qe3+ 31. Kh1 Qe4+ 1/2-1/2


[Site "https://www.chess.com"]

[Event "Titled Tuesday Blitz May 30 Early 2023"]
[White "Larina, Maria"]
[Black "Castillo Pena, Patricia Evarista"]
[WhiteFideId "24113182"]
[BlackFideId "6412106"]
[WhiteElo "1848"]
[BlackElo "1919"]
[Result "1-0"]
[Round "07"]
[TimeControl "180+2"]
[Date "2023.05.30"]
[WhiteClock "0:01:16"]
[BlackClock "0:00:00"]

1. e4 c5 2. Nc3 Nc6 3. g3 g6 4. Bg2 Bg7 5. d3 d6 6. Be3 Nf6 7. f4 O-O 8. Nf3 Rb8 9. h3 b5 10. O-O b4 11. Ne2 a5 12. g4 Qc7 13. a3 bxa3 14. bxa3 Nd7 15. Rb1 Ba6 16. Qd2 c4 17. d4 e5 18. fxe5 dxe5 19. d5 Nd4 20. Nfxd4 exd4 21. Bxd4 Bxd4+ 22. Qxd4 Qc5 23. Qxc5 Nxc5 24. Nc3 Rfe8 25. Rfe1 Kg7 26. Kf2 Kf6 27. Rxb8 Rxb8 28. e5+ Ke7 29. d6+ Kd7 30. Bd5 Ne6 31. Ne4 Rb2 32. Bxe6+ Kxe6 33. Nc5+ Kd5 34. Nxa6 Rxc2+ 35. Re2 Rxe2+ 36. Kxe2 Kc6 37. Kd2 1-0


[Site "https://www.chess.com"]

[Event "Titled Tuesday Blitz May 30 Early 2023"]
[White "Borodavkin, Anatoly"]
[Black "Sanchez, Robert"]
[WhiteFideId "14150662"]
[BlackFideId "2034360"]
[WhiteElo "1991"]
[BlackElo "1824"]
[Result "1-0"]
[Round "07"]
[TimeControl "180+2"]
[Date "2023.05.30"]
[WhiteClock "0:00:10"]
[BlackClock "0:00:56"]

1. e4 e6 2. d4 d5 3. Nc3 Nf6 4. exd5 exd5 5. Bd3 Bb4 6. Ne2 Bg4 7. O-O Bxc3 8. bxc3 O-O 9. f3 Bh5 10. Nf4 Bg6 11. Nxg6 hxg6 12. c4 dxc4 13. Bxc4 Nc6 14. c3 Re8 15. Qb3 Re7 16. Ba3 Na5 17. Qb4 c5 18. Qxc5 Rc7 19. Qxa5 Rxc4 20. Qxd8+ Rxd8 21. Be7 Rdc8 22. Bxf6 gxf6 23. Rab1 b6 24. Rfe1 Kf8 25. Re2 Rxc3 26. Kf2 Rd3 27. Rb4 Rd8 28. Ra4 Rd7 29. Re4 f5 30. Rh4 Kg7 31. Ke2 Rc3 32. Kd2 Rc6 33. g4 f4 34. g5 b5 35. Rb4 a5 36. Rxb5 Rxd4+ 37. Ke2 Rc2+ 38. Ke1 Rxa2 39. Rb8 Rg2 40. Rhh8 Rxg5 41. Rhg8+ Kf6 42. Rb6+ Ke7 43. Rb7+ Rd7 44. Rbb8 Re5+ 45. Kf2 Ra7 46. Rge8+ Kf6 47. Rb6+ Kf5 1-0


[Site "https://www.chess.com"]

[Event "Titled Tuesday Blitz May 30 Early 2023"]
[White "February, Jesse Nikki"]
[Black "Levitan, Caleb Levi"]
[WhiteFideId "14312336"]
[BlackFideId "14332620"]
[WhiteElo "1824"]
[BlackElo "1963"]
[Result "1-0"]
[Round "07"]
[TimeControl "180+2"]
[Date "2023.05.30"]
[WhiteClock "0:00:29"]
[BlackClock "0:00:00"]

1. e4 e5 2. Nf3 Nc6 3. Bc4 Bc5 4. c3 Nf6 5. d4 exd4 6. cxd4 Bb4+ 7. Bd2 Nxe4 8. Bxb4 Nxb4 9. Bxf7+ Kxf7 10. Qb3+ Kf8 11. Qxb4+ Qe7 12. Qxe7+ Kxe7 13. Nc3 Nxc3 14. bxc3 d6 15. O-O Bg4 16. Rfe1+ Kd7 17. Ng5 h6 18. Ne4 Rhe8 19. f3 Bf5 20. Re2 Re7 21. Rae1 Rae8 22. Kf2 b6 23. c4 c6 24. h4 d5 25. cxd5 cxd5 26. Ng3 Rxe2+ 27. Rxe2 Rxe2+ 28. Nxe2 b5 29. g4 Bd3 30. Nf4 Bc4 31. a3 a5 32. Ke3 b4 33. axb4 axb4 34. Kd2 Ke7 35. Ng6+ Kf6 36. Ne5 Bb5 37. Kc2 Ba4+ 38. Kb2 g5 39. h5 Ke6 40. Nd3 Bd1 41. Ne5 b3 42. Kc1 Bc2 43. Nc6 Kd6 44. Nb4 b2+ 45. Kxc2 1-0


[Site "https://www.chess.com"]

[Event "Titled Tuesday Blitz May 30 Early 2023"]
[White "Mirzanurov, Bulat"]
[Black "Floresvillar Gonzalez, Luis Migu"]
[WhiteFideId "4184521"]
[BlackFideId "5100542"]
[WhiteElo "2005"]
[BlackElo "2040"]
[Result "0-1"]
[Round "07"]
[TimeControl "180+2"]
[Date "2023.05.30"]
[WhiteClock "0:00:00"]
[BlackClock "0:00:02"]

1. e4 c6 2. d4 d5 3. exd5 cxd5 4. Nf3 Nf6 5. Ne5 Nbd7 6. Bd3 e6 7. O-O Qb6 8. c3 Bd6 9. Re1 O-O 10. Nd2 a5 11. Ndf3 a4 12. Ng5 a3 13. b3 Qc7 14. Qe2 Qxc3 15. Nexf7 Rxf7 16. Nxf7 Ne4 17. Nxd6 Qxa1 18. Nxe4 dxe4 19. Qxe4 Nf6 20. Qh4 Qxa2 21. Bg5 Bd7 22. Bxf6 gxf6 23. Qxh7+ Kf8 0-1


[Site "https://www.chess.com"]

[Event "Titled Tuesday Blitz May 30 Early 2023"]
[White "salgadoLO"]
[Black "dDobravcan"]
[WhiteElo "2188"]
[BlackElo "2108"]
[Result "1-0"]
[Round "07"]
[TimeControl "180+2"]
[Date "2023.05.30"]
[WhiteClock "0:01:58"]
[BlackClock "0:00:29"]

1. d4 d6 2. e4 Nf6 3. Nc3 c6 4. f4 Qa5 5. Bd2 e5 6. fxe5 dxe5 7. Nf3 Nbd7 8. Bc4 exd4 9. Nd5 Qd8 10. Nxf6+ Qxf6 11. O-O Bc5 12. Ng5 Qe7 13. Bxf7+ 1-0


[Site "https://www.chess.com"]

[Event "Titled Tuesday Blitz May 30 Early 2023"]
[White "Lorparizangeneh, Shahin"]
[Black "Ciuffoletti, Paolo"]
[WhiteFideId "12521604"]
[BlackFideId "807630"]
[WhiteElo "2526"]
[BlackElo "2143"]
[Result "1-0"]
[Round "07"]
[TimeControl "180+2"]
[Date "2023.05.30"]
[WhiteClock "0:01:20"]
[BlackClock "0:00:00"]

1. e4 c5 2. Nf3 Nc6 3. Bb5 e6 4. O-O Nge7 5. Re1 a6 6. Bf1 Ng6 7. c3 Be7 8. d4 cxd4 9. cxd4 d5 10. exd5 exd5 11. Nc3 O-O 12. Be3 Be6 13. g3 Rc8 14. h4 Bf6 15. Ng5 Bxg5 16. hxg5 Nge7 17. Bd3 Na5 18. Kg2 Nf5 19. Bf4 Nc4 20. Rh1 g6 21. g4 Nxd4 22. Bxg6 hxg6 23. Qxd4 f6 24. Rae1 Bxg4 25. Nxd5 1-0


[Site "https://www.chess.com"]

[Event "Titled Tuesday Blitz May 30 Early 2023"]
[White "Kiseljova, Marya"]
[Black "Piesik, Piotr"]
[WhiteFideId "4155009"]
[BlackFideId "1136194"]
[WhiteElo "1831"]
[BlackElo "2299"]
[Result "0-1"]
[Round "07"]
[TimeControl "180+2"]
[Date "2023.05.30"]
[WhiteClock "0:00:59"]
[BlackClock "0:01:49"]

1. d4 c5 2. d5 e5 3. Nc3 d6 4. e4 Be7 5. Nf3 a6 6. a4 Bg4 7. Be2 Bxf3 8. Bxf3 Bg5 9. Bxg5 Qxg5 10. Qd2 Qxd2+ 11. Kxd2 Ne7 12. Rab1 Nd7 13. b4 cxb4 14. Rxb4 Nc5 15. Rhb1 Rc8 16. Rb6 Rd8 17. Bg4 h5 18. Bh3 Rh6 19. f3 Ng6 20. g3 h4 21. Bf5 hxg3 22. hxg3 Rh2+ 23. Ne2 Ne7 24. Bg4 g6 25. f4 Nxe4+ 26. Ke3 f5 27. Rxb7 Nxd5+ 28. Kf3 Nd2# 0-1


[Site "https://www.chess.com"]

[Event "Titled Tuesday Blitz May 30 Early 2023"]
[White "Lakshmi C"]
[Black "Theytookourjobs"]
[WhiteFideId "25035347"]
[WhiteElo "1942"]
[BlackElo "2312"]
[Result "1-0"]
[Round "07"]
[TimeControl "180+2"]
[Date "2023.05.30"]
[WhiteClock "0:00:06"]
[BlackClock "0:00:22"]

1. e4 e6 2. d4 d5 3. e5 c5 4. c3 Nc6 5. f4 Qb6 6. Nf3 Nh6 7. Bd3 cxd4 8. cxd4 Bd7 9. Bc2 Nb4 10. Nc3 Nxc2+ 11. Qxc2 Nf5 12. Qd3 Rc8 13. g4 Nh6 14. h3 Bb4 15. Bd2 Bxc3 16. Bxc3 Bb5 17. Qd2 Ng8 18. f5 Ne7 19. Qg5 g6 20. Qf6 Rf8 21. Bb4 Ng8 22. Qg7 Ne7 23. f6 Rg8 24. Qxh7 Kd7 25. fxe7 Bd3 26. Bc3 Rce8 27. Qxf7 Be4 28. Rf1 Rh8 29. Ng5 Rxe7 30. Qf6 Rhe8 31. Nxe4 dxe4 32. Qf4 Qc6 33. Qe3 Qd5 34. Rf4 Kc8 35. Qxe4 Qc4 36. Qe2 Qc6 37. Rc1 Qh1+ 38. Kd2 Qxh3 39. Bb4+ Kb8 40. Bd6+ Ka8 41. Bxe7 Qh7 42. Rf8 Rxf8 43. Bxf8 Qd7 44. Qc4 a6 45. Qc8+ Qxc8 46. Rxc8+ Ka7 47. Bc5+ b6 48. Bd6 Kb7 49. Rc7+ Ka8 50. Re7 g5 51. Ba3 a5 52. Kd3 b5 53. d5 b4 54. Rh7 exd5 55. e6 Kb8 56. e7 Kc7 57. e8=Q+ Kd6 58. Qe7+ Kc6 59. Qc7+ Kb5 60. Qd7+ Kc5 61. Qe7+ Kb5 62. Qe8+ Kc5 63. Rc7+ Kb6 64. Qb8+ Ka6 65. Ra7# 1-0


[Site "https://www.chess.com"]

[Event "Titled Tuesday Blitz May 30 Early 2023"]
[White "Winkels, Marcel"]
[Black "Atanasov, Radislav"]
[WhiteFideId "1003887"]
[BlackFideId "2901471"]
[WhiteElo "1900"]
[BlackElo "2077"]
[Result "0-1"]
[Round "07"]
[TimeControl "180+2"]
[Date "2023.05.30"]
[WhiteClock "0:00:00"]
[BlackClock "0:00:09"]

1. d4 Nf6 2. Nc3 d5 3. Bf4 a6 4. e3 c5 5. Nf3 Nc6 6. dxc5 Bg4 7. Be2 e6 8. h3 Bh5 9. g4 Bg6 10. g5 Nh5 11. Ne5 Nxf4 12. exf4 Nxe5 13. fxe5 Bxc5 14. h4 Qb6 15. Na4 Bxf2+ 16. Kf1 Qd4 17. c3 Qf4 18. Rh3 Bxh4+ 19. Rf3 Qxe5 20. Nc5 O-O 21. Nd7 Qxg5 22. Nxf8 Rxf8 23. Bd3 Bxd3+ 24. Qxd3 Qg4 25. Ke2 e5 26. Qf5 Qg2+ 27. Kd1 e4 28. Rh3 g6 29. Qd7 Rd8 30. Qc7 Qxh3 31. Kc2 Qg2+ 32. Kb3 Qe2 33. Ka3 Qb5 0-1


[Site "https://www.chess.com"]

[Event "Titled Tuesday Blitz May 30 Early 2023"]
[White "Nihal Sarin"]
[Black "Naroditsky, Daniel"]
[WhiteFideId "25092340"]
[BlackFideId "2026961"]
[WhiteElo "2689"]
[BlackElo "2633"]
[Result "1-0"]
[Round "08"]
[TimeControl "180+2"]
[Date "2023.05.30"]
[WhiteClock "0:00:05"]
[BlackClock "0:00:02"]

1. e4 c5 2. Nf3 d6 3. Bb5+ Nd7 4. a4 Nf6 5. Nc3 e6 6. O-O a6 7. Be2 b6 8. d4 cxd4 9. Qxd4 Bb7 10. Rd1 Qc7 11. Nd2 Nc5 12. b4 Ncd7 13. Nc4 Rc8 14. Bb2 d5 15. exd5 Nxd5 16. Nxd5 Bxd5 17. Ne3 Bb7 18. a5 b5 19. c4 bxc4 20. Rac1 Bxb4 21. Rxc4 Bc5 22. Rxc5 Nxc5 23. Qxg7 Rf8 24. Ng4 Rd8 25. Rxd8+ Qxd8 26. Nf6+ Ke7 27. Qg5 Qxa5 28. Ne4+ f6 29. Bxf6+ Rxf6 30. Qxf6+ Kd7 31. Qd4+ Kc6 32. Qd6# 1-0


[Site "https://www.chess.com"]

[Event "Titled Tuesday Blitz May 30 Early 2023"]
[White "Duda, Jan-Krzysztof"]
[Black "Nepomniachtchi, Ian"]
[WhiteFideId "1170546"]
[BlackFideId "4168119"]
[WhiteElo "2790"]
[BlackElo "2781"]
[Result "0-1"]
[Round "08"]
[TimeControl "180+2"]
[Date "2023.05.30"]
[WhiteClock "0:01:03"]
[BlackClock "0:01:01"]

1. d4 Nf6 2. Bg5 d5 3. Bxf6 gxf6 4. c4 e5 5. e3 Nc6 6. cxd5 Qxd5 7. Nc3 Bb4 8. a3 Bxc3+ 9. bxc3 Rg8 10. Nf3 Bg4 11. h3 Bxf3 12. gxf3 O-O-O 13. Bd3 exd4 14. cxd4 f5 15. Rb1 Rge8 16. Rb5 Qxd4 17. Bxf5+ Kb8 18. Qb1 Rxe3+ 19. Kf1 Rxf3 20. Rxb7+ Ka8 21. Rh2 Rxf5 22. Rxc7 Qc4+ 23. Kg1 Rg5+ 24. Rg2 Rxg2+ 25. Kh1 Rb8 0-1


[Site "https://www.chess.com"]

[Event "Titled Tuesday Blitz May 30 Early 2023"]
[White "Lenderman, Aleksandr"]
[Black "Le, Tuan Minh"]
[WhiteFideId "2021285"]
[BlackFideId "12401153"]
[WhiteElo "2607"]
[BlackElo "2566"]
[Result "0-1"]
[Round "08"]
[TimeControl "180+2"]
[Date "2023.05.30"]
[WhiteClock "0:00:01"]
[BlackClock "0:00:06"]

1. Nf3 d5 2. e3 Nf6 3. c4 c6 4. Nc3 a6 5. Qc2 e6 6. b3 c5 7. cxd5 exd5 8. d4 Nc6 9. Be2 cxd4 10. Nxd4 Nxd4 11. exd4 h6 12. O-O Bd6 13. Bd3 O-O 14. h3 Re8 15. Bd2 Bd7 16. Rae1 Qb6 17. Rxe8+ Rxe8 18. Be3 Bb8 19. Ne2 Ne4 20. Bxe4 Rxe4 21. Rc1 Qg6 22. Kf1 Bd6 23. Nc3 Re8 24. Qxg6 fxg6 25. Nxd5 g5 26. Nb6 Bf5 27. Nc4 Bf8 28. Ne5 Bd6 29. Nc4 Bf8 30. Kg1 Be4 31. Nd2 Bd5 32. Rc7 Re7 33. Rc8 Be6 34. Rb8 Rc7 35. Nc4 g6 36. Ne5 Kg7 37. h4 gxh4 38. Bxh6+ Kxh6 39. Rxf8 Rc1+ 40. Kh2 Rc2 41. Rh8+ Kg7 42. Rxh4 Rxa2 43. Rf4 Bxb3 44. Rg4 Bc2 45. d5 Bf5 46. Rd4 Kf6 47. f4 g5 48. d6 gxf4 49. d7 Bxd7 50. Nxd7+ Kf5 51. Rd5+ Ke6 52. Rd3 Kf5 53. Nc5 b6 54. Rd5+ Kg4 55. Nd3 f3 56. Ne5+ Kf4 57. Nxf3 b5 58. Rd4+ Ke3 59. Rd6 b4 60. Rb6 a5 61. Kg3 Kd3 62. Ne5+ Kc3 63. Kf4 b3 64. Rc6+ Kb4 65. Nd3+ Kb5 66. Rc5+ Ka4 67. Rc4+ Ka3 68. Rc3 Rxg2 69. Ke3 a4 70. Rc4 Rh2 71. Rc5 Ka2 72. Ra5 a3 73. Nc1+ Kb2 74. Nxb3 Rh3+ 75. Kd4 Rxb3 76. Rh5 a2 77. Rh2+ Ka3 78. Rh1 Rb1 0-1


[Site "https://www.chess.com"]

[Event "Titled Tuesday Blitz May 30 Early 2023"]
[White "Dubov, Daniil"]
[Black "Babazada, Khazar"]
[WhiteFideId "24126055"]
[BlackFideId "13413554"]
[WhiteElo "2793"]
[BlackElo "2351"]
[Result "1-0"]
[Round "08"]
[TimeControl "180+2"]
[Date "2023.05.30"]
[WhiteClock "0:00:04"]
[BlackClock "0:00:00"]

1. c4 e5 2. g3 Nc6 3. Bg2 Nf6 4. Nf3 e4 5. Ng5 d5 6. cxd5 Qxd5 7. d3 Bb4+ 8. Nc3 Qa5 9. O-O exd3 10. Qxd3 Bxc3 11. Qxc3 Qxc3 12. bxc3 h6 13. Nf3 O-O 14. Nd4 Nxd4 15. cxd4 Re8 16. e3 Ne4 17. Ba3 Bd7 18. Rfc1 Bc6 19. f3 Nd6 20. e4 Rac8 21. Rab1 f5 22. Bh3 fxe4 23. Bxc8 Nxc8 24. fxe4 Bxe4 25. Re1 Nb6 26. Bc5 Nc4 27. Rxb7 Nd2 28. Re3 Re6 29. Rb8+ Kh7 30. Rf8 Ra6 31. Rf2 Nc4 32. Rxe4 1-0


[Site "https://www.chess.com"]

[Event "Titled Tuesday Blitz May 30 Early 2023"]
[White "Narayanan, Srinath"]
[Black "Martinez Alcantara, Jose Eduardo"]
[WhiteFideId "5018420"]
[BlackFideId "3805662"]
[WhiteElo "2438"]
[BlackElo "2711"]
[Result "0-1"]
[Round "08"]
[TimeControl "180+2"]
[Date "2023.05.30"]
[WhiteClock "0:00:01"]
[BlackClock "0:00:14"]

1. Nf3 c5 2. e3 Nf6 3. b3 g6 4. Bb2 Bg7 5. c4 O-O 6. Nc3 b6 7. d4 cxd4 8. Nxd4 Bb7 9. Nf3 d6 10. Be2 Nbd7 11. O-O Qc7 12. Rc1 Rac8 13. Nd4 a6 14. Bf3 e6 15. Bxb7 Qxb7 16. Qe2 Nc5 17. Rfd1 Rfd8 18. h3 Rd7 19. Nf3 Rcd8 20. Rc2 Qc7 21. b4 Nce4 22. Nxe4 Nxe4 23. Bxg7 Kxg7 24. Qd3 Nf6 25. Rdc1 Qb7 26. Qc3 Rc8 27. Nd2 e5 28. Qb2 Rdc7 29. Nb3 Qe4 30. Nd2 Qd3 31. Rc3 Qf5 32. Qa3 Ra8 33. b5 Qe6 34. Rd3 Qc8 35. Rxd6 axb5 36. Qb2 bxc4 37. Qxe5 Qf5 38. Qd4 Rd7 39. Nxc4 Rxa2 40. e4 Qf4 41. Rf1 Rxd6 42. Nxd6 Kg8 43. Qxb6 Ra8 44. Qb7 Rf8 45. Qe7 Nh5 46. e5 Ng7 47. Ne8 Rxe8 0-1


[Site "https://www.chess.com"]

[Event "Titled Tuesday Blitz May 30 Early 2023"]
[White "Lazavik, Denis"]
[Black "Terry, Renato"]
[WhiteFideId "13515110"]
[BlackFideId "3803457"]
[WhiteElo "2560"]
[BlackElo "2575"]
[Result "1-0"]
[Round "08"]
[TimeControl "180+2"]
[Date "2023.05.30"]
[WhiteClock "0:00:07"]
[BlackClock "0:00:02"]

1. d4 e6 2. c4 Bb4+ 3. Bd2 Qe7 4. Nf3 Nf6 5. g3 Nc6 6. Nc3 O-O 7. Bg2 Bxc3 8. Bxc3 Ne4 9. Rc1 d6 10. d5 Nxc3 11. Rxc3 Nd8 12. O-O e5 13. c5 dxc5 14. Qc2 b6 15. Qe4 Bb7 16. Qxe5 Re8 17. Qh5 g6 18. Qh6 Qf8 19. Qd2 f6 20. b4 Nf7 21. bxc5 bxc5 22. Rfc1 Nd6 23. Qb2 Rab8 24. Rxc5 Bxd5 25. Qc2 c6 26. Nd4 Ne4 27. Ra5 Qb4 28. Ra4 Qb2 29. Qxb2 Rxb2 30. Rxa7 c5 31. Nb3 c4 32. Nd4 c3 33. f3 Nd6 34. Rxc3 Rd2 35. Rd3 Rxd3 36. exd3 Bb7 37. Ra4 Re1+ 38. Kf2 Rb1 39. Bf1 Kf7 40. Be2 Ke7 41. Ra3 Bd5 42. Ra7+ Bb7 43. Nb3 Kd8 44. Nc5 Kc7 45. Nxb7 Nxb7 46. f4 Kb6 47. Ra3 Nc5 48. d4 Ne6 49. Ke3 Kc7 50. Rb3 Ra1 51. Rb2 Nd8 52. Bf3 Nf7 53. Rb7+ Kd8 54. Rxf7 Rxa2 55. Rxh7 1-0


[Site "https://www.chess.com"]